Map: Snowy Mesa

Players

SPARKEATER - Winner!

  • Race: Terran Terran
  • League: Platinum

Crosby - Winner!

  • Race: Zerg Zerg

Zombie

  • Race: Protoss Protoss

SGS

  • Race: Terran Terran

VOD

Have the link to the VOD?

Description

Time

  • Played on: July 13, 2016, 3:59 p.m.
  • Length: 11:24
Show
View Real Time Build Order
Export as new Build Order

SPARKEATER Terran - Winner!

Build Orders:  

Get SALT Encoding   

  12  0:00  SCV  
  13  0:13  SCV  
  14  0:22  Supply Depot  
  14  0:25  SCV  
  15  0:43  SCV  
  16  0:52  Barracks  
  16  0:55  SCV  
  17  1:00  Refinery  
  17  1:07  SCV  
  18  1:21  SCV  
  19  1:33  SCV  
  20  1:41  Marine  
  21  1:49  Orbital Command  
  21  1:50  Command Center  
  21  1:59  Marine  
  22  2:02  Factory  
  22  2:08  Supply Depot  
  22  2:15  SCV  
  23  2:16  Refinery  
  23  2:20  Barracks Tech Lab  
  23  2:28  Barracks  
  23  2:30  SCV  
  24  2:43  SCV  
  25  2:50  Marine, Starport  
  26  2:55  SCV  
  27  3:04  Stimpack  
  27  3:06  Orbital Command  
  27  3:08  Marine  
  28  3:18  Barracks  
  28  3:27  Orbital Command  
  28  3:28  SCV  
  29  3:41  Medivac  
  29  3:42  Marine  
  29  3:43  Marine  
  29  3:45  SCV  
  34  3:53  SCV  
  35  3:57  SCV  
  35  3:59  Marine  
  37  4:04  Marine x2  
  37  4:05  SCV  
  37  4:09  SCV  
  41  4:17  Marine  
  41  4:21  Marine  
  41  4:23  SCV x2, Marine  
  46  4:27  Factory Reactor  
  46  4:39  Engineering Bay  
  46  4:42  Supply Depot  
  46  4:45  SCV x2, Marine x3, Medivac  
  53  4:49  Supply Depot  
  53  5:03  Marine x3  
  53  5:05  Terran Infantry Weapons Level 1  
  56  5:07  Engineering Bay  
  56  5:09  SCV x2  
  56  5:10  Missile Turret  
  58  5:21  SCV, Marine x3  
  55  5:28  Missile Turret  
  55  5:31  Missile Turret  
  51  5:38  Marine  
  51  5:42  Marine x2  
  45  5:50  SCV  
  45  5:56  Marine  
  47  6:00  Marine x2  
  49  6:14  Marine, Orbital Command  
  49  6:18  Marine x2  
  51  6:25  Missile Turret  
  52  6:32  Marine  
  47  6:38  Marine x2  
  47  6:50  Marine  
  48  6:56  Marine  
  49  7:01  Marine  
  49  7:07  Marine  
  51  7:12  Missile Turret  
  51  7:14  Marine  
  52  7:19  Marine  
  53  7:25  Marine  
  54  7:30  Medivac  
  54  7:31  Marine  
  54  7:34  Supply Depot  
  57  7:37  Marine  
  57  7:43  Marine  
  59  7:51  Marine  
  59  7:55  Marine  
  59  7:56  Terran Infantry Armor Level 1  
  59  7:57  Barracks  
  61  7:59  Barracks  
  61  8:00  Barracks  
  61  8:04  SCV x2  
  63  8:16  SCV x2  
  65  8:28  SCV  
  66  8:42  Marine x3  
  69  8:50  Command Center  
  69  8:55  Marine x3  
  69  8:58  SCV  
  69  9:00  Marine x3  
  70  9:13  Marine x3  
  72  9:20  Marine x3  
  74  9:31  Marine x3  
  74  9:38  Marine  
  78  10:01  Marine x6  
  84  10:11  Widow Mine  
  86  10:14  Medivac  
  86  10:19  Marine x5  
  93  10:38  Marine  
  93  10:46  Marine x2  
  93  10:53  Marine  
  93  11:10  SCV  
  93  11:11  SCV  
Show
View Real Time Build Order
Export as new Build Order

Crosby Zerg - Winner!

Build Orders: Pool First 

Get SALT Encoding   

  12  0:03  Drone  
  13  0:14  Drone  
  13  0:19  Overlord  
  14  0:38  Drone x2  
  14  0:39  Drone  
  17  1:06  Drone  
  18  1:11  Spawning Pool  
  18  1:16  Extractor  
  16  1:31  Hatchery  
  15  1:43  Drone  
  15  1:44  Drone x2  
  18  1:58  Queen  
  20  2:09  Drone  
  20  2:10  Overlord  
  21  2:21  Drone  
  22  2:23  Roach Warren  
  21  2:36  Overlord  
  21  2:42  Queen  
  23  2:45  Drone x2  
  25  2:54  Drone x2  
  27  3:10  Drone x5  
  32  3:18  Queen  
  34  3:26  Overlord  
  34  3:29  Drone x2  
  36  3:37  Overlord  
  36  3:47  Roach x4  
  44  3:54  Overlord  
  44  4:02  Drone x3  
  47  4:03  Drone x3  
  50  4:21  Drone  
  50  4:22  Drone x4  
  55  4:24  Overlord  
  55  4:26  Roach x2  
  59  4:39  Extractor  
  59  4:43  Extractor  
  57  4:48  Roach  
  57  4:49  Roach x4  
  67  4:55  Lair  
  67  5:05  Drone  
  68  5:08  Overlord  
  68  5:15  Extractor  
  68  5:19  Spore Crawler  
  66  5:26  Roach x3  
  66  5:27  Roach x2  
  76  5:30  Overlord x2  
  76  5:39  Spore Crawler  
  75  6:00  Queen  
  75  6:02  Roach x2  
  75  6:03  Roach  
  81  6:06  Overlord x2  
  81  6:10  Overlord x2  
  79  6:23  Spore Crawler  
  76  6:27  Drone x3  
  79  6:44  Hydralisk Den  
  76  6:55  Queen  
  78  7:02  Drone  
  78  7:03  Drone x4  
  82  7:16  Hydralisk  
  82  7:17  Hydralisk x4  
  91  7:31  Queen  
  92  7:44  Hydralisk x4  
  92  7:45  Hydralisk x2  
  92  7:48  Overlord  
  104  7:57  Hatchery  
  103  8:00  Evolution Chamber  
  103  8:03  Evolution Chamber  
  101  8:14  Overlord, Hydralisk  
  101  8:15  Hydralisk x4  
  111  8:26  Zerg Missile Weapons Level 1  
  111  8:29  Zerg Ground Armor Level 1  
  111  8:39  Hydralisk x5  
  111  8:40  Hydralisk  
  123  9:16  Hydralisk x2  
  125  9:17  Hydralisk  
  125  9:23  Overlord x2  
  123  9:42  Overlord x2  
  123  9:43  Overlord  
  123  9:58  Hydralisk  
  123  9:59  Hydralisk x5  
  129  10:00  Hydralisk x4  
  129  10:01  Hydralisk  
  145  10:23  Hydralisk x3  
  145  10:24  Hydralisk x2  
  137  10:46  Hydralisk  
  137  10:47  Hydralisk x2  
  137  10:48  Hydralisk x4  
Show
View Real Time Build Order
Export as new Build Order

Zombie Protoss 

Build Orders: Oracle Opening, Phoenix Opening 

Get SALT Encoding   

  12  0:01  Probe (Chrono Boost)  
  13  0:12  Probe (Chrono Boost)  
  14  0:18  Pylon  
  14  0:22  Probe (Chrono Boost)  
  15  0:36  Probe (Chrono Boost)  
  15  0:42  Gateway  
  16  0:46  Assimilator  
  16  0:47  Probe (Chrono Boost)  
  17  0:57  Probe (Chrono Boost)  
  18  1:04  Pylon  
  18  1:08  Probe (Chrono Boost)  
  19  1:14  Assimilator  
  20  1:18  Probe (Chrono Boost)  
  20  1:29  Cybernetics Core  
  20  1:30  Zealot, Probe (Chrono Boost)  
  23  1:42  Probe (Chrono Boost)  
  24  1:50  Pylon  
  25  1:54  Zealot, Probe (Chrono Boost)  
  27  2:08  Stargate  
  27  2:11  Probe (Chrono Boost)  
  28  2:19  Sentry  
  30  2:50  Nexus  
  30  2:53  Phoenix, Probe (Chrono Boost)  
  30  2:55  Zealot  
  35  3:06  Pylon  
  35  3:14  Oracle  
  35  3:17  Probe (Chrono Boost)  
  39  3:29  Forge  
  39  3:31  Probe (Chrono Boost)  
  40  3:44  Probe (Chrono Boost)  
  40  3:47  Phoenix  
  44  3:56  Probe (Chrono Boost)  
  44  4:08  Photon Cannon, Probe (Chrono Boost)  
  45  4:16  Assimilator  
  45  4:17  Void Ray  
  45  4:19  Probe (Chrono Boost)  
  45  4:20  Probe (Chrono Boost)  
  51  4:30  Probe (Chrono Boost)  
  53  4:32  Probe (Chrono Boost)  
  53  4:41  Probe (Chrono Boost)  
  53  4:44  Probe (Chrono Boost)  
  55  4:46  Assimilator  
  55  4:51  Probe (Chrono Boost)  
  56  4:53  Pylon  
  56  4:55  Photon Cannon  
  56  4:56  Probe (Chrono Boost)  
  57  5:02  Probe (Chrono Boost)  
  58  5:13  Phoenix  
  60  6:57  Oracle  
  56  7:06  Probe (Chrono Boost)  
  56  7:08  Probe (Chrono Boost)  
  61  7:16  Probe (Chrono Boost)  
  61  7:20  Probe (Chrono Boost)  
  61  7:22  Zealot  
  65  7:27  Probe (Chrono Boost)  
  65  7:28  Oracle  
  65  7:29  Pylon  
  66  7:31  Pylon  
  66  7:32  Probe (Chrono Boost)  
  66  7:35  Pylon  
  70  7:40  Assimilator  
  70  7:43  Assimilator  
  70  7:47  Probe (Chrono Boost)  
  70  7:48  Probe (Chrono Boost)  
  70  7:49  Zealot  
  74  7:57  Probe (Chrono Boost)  
  74  7:58  Stargate  
  75  8:00  Robotics Facility, Probe (Chrono Boost)  
  75  8:03  Gateway  
  76  8:06  Photon Cannon  
  76  8:07  Photon Cannon  
  76  8:08  Probe (Chrono Boost)  
  76  8:11  Pylon  
  78  8:13  Probe (Chrono Boost)  
  78  8:15  Pylon  
  78  8:16  Zealot  
  78  8:18  Probe (Chrono Boost)  
  78  8:19  Pylon  
  81  8:25  Probe (Chrono Boost)  
  81  8:26  Nexus  
  82  8:29  Photon Cannon, Probe (Chrono Boost)  
  82  8:31  Photon Cannon  
  83  8:34  Photon Cannon  
  83  8:37  Photon Cannon, Probe (Chrono Boost)  
  83  8:39  Void Ray  
  83  8:40  Probe (Chrono Boost)  
  85  8:41  Gateway  
  85  8:43  Zealot  
  85  8:44  Void Ray  
  96  8:49  Probe (Chrono Boost)  
  96  8:50  Immortal, Probe (Chrono Boost)  
  101  9:01  Probe x2 (Chrono Boost)  
  102  9:10  Zealot  
  102  9:11  Probe (Chrono Boost)  
  102  9:13  Probe (Chrono Boost)  
  100  9:29  Void Ray  
  97  9:34  Void Ray  
  91  9:55  Nexus  
  91  10:11  Void Ray  
  91  10:12  Immortal  
  91  10:19  Void Ray  
Show
View Real Time Build Order
Export as new Build Order

SGS Terran 

Build Orders:  

Get SALT Encoding   

  12  0:02  SCV  
  13  0:15  SCV  
  14  0:23  Supply Depot  
  14  0:27  SCV  
  15  0:44  SCV  
  15  0:47  Barracks  
  16  0:56  SCV  
  17  1:09  SCV, Refinery  
  18  1:15  Refinery  
  18  1:21  SCV  
  18  1:24  Barracks  
  19  1:33  SCV  
  19  1:34  Marine  
  19  1:35  Supply Depot  
  21  1:45  SCV  
  22  1:52  Marine  
  23  2:07  Orbital Command  
  23  2:12  Marine  
  23  2:14  Marine, Factory  
  25  2:46  Marine  
  25  2:47  Marine  
  27  2:59  Starport, Factory Tech Lab  
  27  3:04  Marine  
  28  3:06  SCV  
  28  3:10  Supply Depot  
  29  3:18  SCV, Siege Tank  
  33  3:20  Barracks Tech Lab  
  33  3:26  Marine  
  34  3:36  Medivac  
  36  3:44  Marine  
  37  3:50  Supply Depot  
  37  3:53  Siege Tank  
  40  4:02  Marauder  
  42  4:06  Medivac  
  44  4:17  Engineering Bay  
  44  4:23  Marine x2  
  46  4:41  Marine x2  
  48  4:55  Command Center  
  48  4:59  Marine  
  43  6:01  Marine x2  
  45  6:09  Hellion  
  45  6:11  Viking  
  43  6:19  Marine x2  
  35  6:50  Command Center  
  35  6:54  Factory Reactor  
  35  6:56  SCV  
  35  7:00  Starport Reactor  
  36  7:01  Barracks Reactor  
  36  7:03  Terran Infantry Weapons Level 1  
  36  7:08  SCV  
  37  7:17  Armory  
  37  7:20  SCV  
  38  7:22  Orbital Command  
  38  7:32  SCV  
  39  7:44  SCV  
  39  7:50  Barracks  
  40  7:56  SCV  
  41  8:00  SCV  
  41  8:04  Orbital Command  
  42  8:05  Engineering Bay  
  42  8:08  SCV  
  42  8:10  Missile Turret  
  42  8:12  SCV  
  44  8:20  SCV  
  44  8:24  SCV, Terran Vehicle Weapons Level 1  
  46  8:30  Missile Turret  
  46  8:36  SCV  
  46  8:40  SCV  
  49  8:48  SCV  
  49  8:50  Supply Depot  
  49  8:51  Terran Infantry Armor Level 1, Missile Turret  
  49  8:52  SCV  
  49  8:53  Barracks Tech Lab  
  50  8:57  Siege Tank  
  50  9:00  SCV  
  54  9:04  SCV  
  46  9:12  SCV  
  41  9:20  Marine x3  
  42  9:38  Marine x3  
  41  9:39  Factory Tech Lab  
  41  9:43  Missile Turret  
  40  9:55  Marine  
  34  10:20  Supply Depot  
Tags
 
Add a new tag
Caveats
  • Supply blocks, unpowered buildings, or Contaminate may cause inaccurate times.
  • Supply counts are checked every 10 seconds.